 Dungeon Crawl Stone Soup version 0.20.1-1-g8b1a95d (webtiles) character file.

182 tmwrnj the Chopper (level 5, 0/46 HPs)
             Began as a Hill Orc Fighter on July 5, 2017.
             Was an Initiate of Beogh.
             Killed from afar by Natasha (5 damage)
             ... with a magic dart
             ... on level 4 of the Dungeon.
             The game lasted 00:09:02 (2195 turns).

tmwrnj the Chopper (Hill Orc Fighter)               Turns: 2195, Time: 00:09:03

Health: 0/46       AC: 10    Str: 20    XL:     5   Next: 61%
Magic:  5/5        EV: -1    Int:  8    God:    Beogh [......]
Gold:   171        SH: 14    Dex: 10    Spells: 4/4 levels left

rFire    . . .     SeeInvis .   a - +0 war axe
rCold    . . .     Gourm    .   o - +0 large shield
rNeg     . . .     Faith    .   B - +0 chain mail
rPois    .         Spirit   .   (no helmet)
rElec    .         Reflect  .   C - scarf {cloud immunity}
rCorr    .         Harm     .   v - +0 pair of gloves
MR       +....                  (no boots)
Stlth    ..........             z - amulet of inaccuracy (curse)
Regen    0.2/turn               l - ring of protection from magic
MPRegen  0.1/turn               A - -5 ring of evasion (curse)

@: lethally poisoned (0 -> -2)
A: no striking features
a: Renounce Religion


You were on level 4 of the Dungeon.
You worshipped Beogh.
Beogh was noncommittal.
You were hungry.

You visited 1 branch of the dungeon, and saw 4 of its levels.

You collected 171 gold pieces.

Inventory:

Hand Weapons
 a - a +0 war axe (weapon)
Armour
 b - a +0 scale mail
 c - a +0 shield
 m - a +1 cloak
 o - a +0 large shield (worn)
 v - a +0 pair of gloves (worn)
 B - a +0 chain mail (worn)
 C - a scarf of cloud immunity (worn)
Jewellery
 l - a ring of protection from magic (left hand)
 p - an uncursed ring of poison resistance
 t - an uncursed ring of protection from fire
 z - a cursed amulet of inaccuracy (around neck)
 A - a cursed -5 ring of evasion (right hand)
 D - a +3 ring of strength {unknown}
Scrolls
 i - 2 scrolls of recharging
 j - a scroll of immolation {unknown}
 n - 2 scrolls of blinking
 s - 2 scrolls of enchant weapon
 x - a scroll of teleportation {unknown}
 y - 2 scrolls of remove curse {unknown}
Potions
 d - 2 potions of might
 e - 2 potions of mutation {unknown}
 q - a potion of curing {unknown}
 r - 2 potions of heal wounds {unknown}
 w - a potion of agility {unknown}
Comestibles
 f - 2 bread rations
 g - 2 meat rations
 k - 2 royal jellies
 u - 22 fruits


   Skills:
 + Level 4.3 Fighting
 + Level 4.9 Axes
 + Level 3.8 Armour
 + Level 0.7 Dodging
 + Level 4.7 Shields


You had 4 spell levels left.
You didn't know any spells.

Dungeon Overview and Level Annotations

Branches:
Dungeon (4/15)
 Temple: D:4-7

Altars:
Gozag
Sif Muna

Annotations:
D:4 Edmund, Natasha


Message History

You block the adder's attack. Natasha claws you but does no damage.
You block the adder's attack.
You miss the adder. You miss Natasha. You block the adder's attack.
Natasha claws you.
* * * LOW HITPOINT WARNING * * *
You block the adder's attack. The adder bites you.
* * * LOW HITPOINT WARNING * * *
You are poisoned.
The adder poisons you!
Found a tapered bone wand.
You feel sick. You block the adder's attack. Natasha casts a spell at you.
The magic dart hits you!
There is a stone staircase leading down here.
The adder bites you but does no damage.
Natasha stares at you and mumbles some strange words.
The magic dart hits you!
You die...

..........##
.............. ...#
.#.##....# #. #..#
...##....# #.##..#
.#..'....# /.#..#
.#.##....#####.#..###
.#.##...............#
...##..........h.##.#
...####........S@...#
..## #........######
..# ########## ..#
..# .... ..... .....


You could see Natasha and an adder.

Vanquished Creatures
  A centaur skeleton (D:4)
  A worker ant (D:4)
  6 adders
  2 oozes (D:2)
  2 leopard geckos (D:1)
  An orc (D:3)
  4 giant cockroaches
  7 goblins
  13 hobgoblins
  4 jackals (D:1)
  8 kobolds
  7 bats
  3 frilled lizards (D:1)
  6 rats (D:1)
65 creatures vanquished.

Notes
Turn   | Place    | Note
-------+----------+-------------------------------------------
     0 | D:1      | tmwrnj the Hill Orc Fighter began the quest for the Orb.
     0 | D:1      | Reached XP level 1. HP: 19/19 MP: 1/1
   134 | D:1      | Reached XP level 2. HP: 12/27 MP: 2/2
   440 | D:1      | Reached XP level 3. HP: 25/33 MP: 3/3
   903 | D:2      | Reached XP level 4. HP: 40/40 MP: 4/4
  1410 | D:3      | Found a deep blue altar of Sif Muna.
  1674 | D:3      | Became a worshipper of Beogh the Brigand
  1715 | D:3      | Found an opulent altar of Gozag.
  1762 | D:3      | Reached XP level 5. HP: 40/46 MP: 5/5
  1925 | D:4      | Noticed Edmund
  1982 | D:4      | Noticed an ogre
  2184 | D:4      | Noticed Natasha
  2195 | D:4      | Killed from afar by Natasha

Skill      XL: |  1  2  3  4 |
---------------+-------------+-----
Axes           | 3 4 |  4.9
Fighting       | 4 |  4.3
Shields        | 4 |  4.7
Armour         | |  3.8
Dodging        | |  0.7

Action                   |  1- 3 |  4- 6 || total
-------------------------+-------+-------++-------
Melee: War axe           |   124 |   142 ||   266
Invok: Convert to Beogh  |       |     1 ||     1
  Use: Scroll            |       |     3 ||     3
  Eat: Chunk             |       |     4 ||     4
Armor: Scale mail        |    85 |    33 ||   118
       Chain mail        |       |    59 ||    59
Dodge: Dodged            |    48 |    25 ||    73
Block: Shield            |    83 |    35 ||   118
       Large shield      |       |    85 ||    85
